 Dungeon Crawl Stone Soup version 0.31-a0-325-g067879e3d3 (webtiles) character file.

Game seed: 4433982133944663352

37 Conn the Sneak (level 3, 0/21 HPs)
             Began as an Octopode Fire Elementalist on July 18, 2023.
             Slain by a hobgoblin (1 damage)
             ... on level 2 of the Dungeon.
             The game lasted 00:02:14 (1093 turns).

Conn the Sneak (Octopode Fire Elementalist)         Turns: 1093, Time: 00:02:15

Health: 0/21       AC:  1    Str:  7    XL:     3   Next: 41%
Magic:  6/6        EV: 13    Int: 19    God:
Gold:   86         SH:  0    Dex: 12    Spells: 5/6 levels left

rFire   . . .        i - +0 rapier
rCold   . . .        (no shield)
rNeg    . . .        (helmet restricted)
rPois   .            (no amulet)
rElec   .            (no ring)
rCorr   .            (no ring)
SInv    .            (no ring)
Will    .....        (no ring)
Stlth   +++          (no ring)
HPRegen 0.23/turn    (no ring)
MPRegen 0.10/turn    (no ring)
                     (no ring)

%: no passive effects
@: no status effects
A: almost no armour, amphibious, 8 rings, camouflage 1, gelatinous body 1,
(nimble swimmer 1), tentacles
a: no special abilities


You were on level 2 of the Dungeon.
You visited 1 branch of the dungeon, and saw 2 of its levels.

You collected 86 gold pieces.

Inventory:

Hand Weapons
 c - a +0 dagger
 i - a +0 rapier (weapon)
Scrolls
 e - a scroll of revelation {unknown}
 g - 2 scrolls of identify {unknown}
 k - a scroll of teleportation {unknown}
 l - a scroll of blinking {unknown}
Potions
 a - a potion of magic
 b - 2 potions of heal wounds {unknown}
 d - a potion of brilliance {unknown}
 f - a potion of ambrosia {unknown}
 h - 2 potions of lignification {unknown}
 j - a potion of enlightenment {unknown}


   Skills:
 + Level 0.3 Short Blades
 + Level 2.1 Dodging
 + Level 3.7 Stealth
 + Level 2.2 Spellcasting
 + Level 1.2 Conjurations
 + Level 3.4 Fire Magic


You had 5 spell levels left.
You knew the following spells:

 Your Spells              Type           Power      Damage    Failure   Level
a - Foxfire               Conj/Fire      44%        2x1d6     6%          1

Your spell library contained the following spells:

 Spells                   Type           Power      Damage    Failure   Level
 Scorch                   Fire           30%        2d6       6%          2
 Sting                    Tmut/Pois      8%         1d3       17%         1
 Inner Flame              Hex/Fire       8%         N/A       24%         3
 Volatile Blastmotes      Fire/Tloc      16%        2d11      24%         3
 Poisonous Vapours        Pois/Air       4%         N/A       26%         2
 Flame Wave               Conj/Fire      11%        2d6       52%         4
 Olgreb's Toxic Radiance  Pois           2%         N/A       86%         4


Dungeon Overview and Level Annotations

Branches:
Dungeon (2/15)

Altars:


Innate Abilities, Weirdness & Mutations

You cannot wear most types of armour.
You are amphibious.
You can wear up to eight rings at the same time.
Your skin changes colour to match your surroundings (Stealth+).
Your rubbery body absorbs attacks. (AC +1, EV +1)
((You are camouflaged when in or above water. (Stealth+)))
You have tentacles for arms and can constrict up to eight enemies at once.


Message History

You kill the frilled lizard!
You open the door.
There is an open door here.
A worm comes into view.
A dart slug comes into view.
The helpless worm fails to defend itself.
You hit the worm. You grab the worm.
The worm is lightly wounded.
You constrict the worm. The worm closely misses you.
You hit the worm. You squeeze the worm!
The worm is almost dead.
You constrict the worm. You hit the worm but do no damage.
You squeeze the worm, but do no damage.
The worm is almost dead.
You constrict the worm.
You kill the worm!
You see here a worm corpse.
The dart slug closely misses you.
You hit the dart slug. You grab the dart slug. You squeeze the dart slug.
You kill the dart slug!
A dart slug comes into view.
You catch the helpless dart slug completely off-guard!
You puncture the dart slug!
You kill the dart slug!
You open the door.
A worm, a hobgoblin and a frilled lizard come into view.
There is an open door here.
A dart slug comes into view.
The hobgoblin shouts!
The worm bites you!
Ouch! That really hurt!
The frilled lizard hisses angrily.
You hit the worm. You grab the worm.
The worm is moderately wounded.
You constrict the worm. The worm bites you!
* * * LOW HITPOINT WARNING * * *
Unknown command.
You release your grip on the worm.
The hobgoblin attacks as you move away! The hobgoblin hits you.
You die...

.# ##+# .# ##...# ##.#
##.....## #..#
#.......## ##.#######
.........####........#
.........'............
...w.....####...####
#...l.w@## #.#...##
##....g## #.#....#
##...# #.##...# # ##'#
##...#.##.# ###.#####
###......# #.......###
###.#### ###.........#
#.# ........#.#.# #.#
#.....#.#.# #.#


You could see a worm, a dart slug, a hobgoblin and a frilled lizard.

Vanquished Creatures
  A worm (D:2)
  3 dart slugs (D:2)
  4 endoplasms (D:1)
  2 goblins (D:1)
  2 hobgoblins
  2 jackals (D:1)
  2 quokkas (D:1)
  3 ball pythons (D:1)
  2 bats (D:1)
  A frilled lizard (D:2)
  3 kobolds (D:1)
  2 rats (D:1)
27 creatures vanquished.

Vanquished Creatures (collateral kills)
  A foxfire (D:1)
1 creature vanquished.

Vanquished Creatures (others)
  34 foxfires
34 creatures vanquished.

Grand Total: 62 creatures vanquished

Notes
Turn   | Place    | Note
-------+----------+-------------------------------------------
     0 | D:1      | Conn the Octopode Fire Elementalist began the quest for the
                  | Orb.
     0 | D:1      | Reached XP level 1. HP: 11/11 MP: 3/3
   200 | D:1      | Reached XP level 2. HP: 17/17 MP: 3/5
   461 | D:1      | Found a faded altar of an unknown god.
   718 | D:1      | Reached XP level 3. HP: 20/21 MP: 6/6
  1092 | D:2      | HP: 1/21 [worm (9)]
  1093 | D:2      | Slain by a hobgoblin

Illustrated notes

Levels and vault maps discovered:
D:1:      saegor_arrival_simple_c, layout_loops_ring,
          shapermc_ecumenical_altar_acropolis
D:2:      layout_loops_corners, basic_altar

Skill      XL: |  1 |
---------------+----+-----
Stealth        | 3 |  3.7
Short Blades   | |  0.3
Dodging        | |  2.1
Spellcasting   | |  2.2
Conjurations   | |  1.2
Fire Magic     | |  3.4

Action                     || total
---------------------------++-------
  Melee: Dagger            ||     8
         Tentacles         ||     6
         Rapier            ||    26
         Constrict         ||     7
   Cast: Foxfire           ||    21
   Stab: Sleeping          ||     7
         Distracted        ||     1
 Armour: Skin              ||     3
  Dodge: Dodged            ||    19

Table legend: (Time is in decaauts)
 A = Elapsed time spent in this place.
 B = Non-inter-level travel time spent in this place.
 C = Inter-level travel time spent in this place.
 D = Time resting spent in this place.
 E = Time spent auto-exploring this place.
 F = Levels seen in this place.
 G = Mean time per level.
                   A        B        C        D        E       F      G
               +--------+--------+--------+--------+--------+-----+--------+
         Total |   1097 |   1085 |     12 |      0 |    758 |   2 |  548.5 |
       Dungeon |   1097 |   1085 |     12 |      0 |    758 |   2 |  548.5 |
               +--------+--------+--------+--------+--------+-----+--------+

Top non-repeatable levels by time:
     D:1: 794 daAuts
     D:2: 302 daAuts
